 Dungeon Crawl Stone Soup version 0.25-a0-603-g0321be95db (webtiles) character file.

Game seed: 18171110881123147841, levelgen mode: deterministic

74 An17 the Skirmisher (level 4, 0/37 HPs)
             Began as a Demonspawn Wanderer on Mar 16, 2020.
             Slain by an iguana (8 damage)
             ... on level 2 of the Dungeon.
             The game lasted 00:04:33 (1572 turns).

An17 the Skirmisher (Demonspawn Wanderer)           Turns: 1572, Time: 00:04:33

Health: 0/37       AC:  9    Str: 14    XL:     4   Next: 9%
Magic:  4/4        EV: 10    Int: 14    God:
Gold:   58         SH:  0    Dex: 11    Spells: 3/3 levels left

rFire    . . .     SeeInvis .   c - +0 quarterstaff
rCold    . . .     Gourm    .   (shield currently unavailable)
rNeg     . . .     Faith    .   k - +0 ring mail
rPois    .         Spirit   .   l - +2 helmet
rElec    .         Reflect  .   j - +0 cloak
rCorr    .         Harm     .   (no gloves)
MR       .....                  (no boots)
Stlth    +.........             (no amulet)
HPRegen  0.12/turn              (no ring)
MPRegen  0.09/turn              (no ring)

@: lethally poisoned (0 -> -2)
A: spiny 1
a: no special abilities


You were on level 2 of the Dungeon.
You were not hungry.

You visited 1 branch of the dungeon, and saw 2 of its levels.

You collected 58 gold pieces.

Inventory:

Hand Weapons
 a - a +2 dagger
 c - a +0 quarterstaff (weapon)
Armour
 j - a +0 cloak (worn)
 k - a +0 ring mail (worn)
 l - a +2 helmet (worn)
Scrolls
 h - a scroll of fear
Potions
 b - a potion of heal wounds
 d - a potion of lignification
 f - a potion of degeneration {unknown}
 g - a potion of magic {unknown}
 i - a potion of curing {unknown}


   Skills:
 + Level 4.2 Fighting
   Level 1.0 Axes
 + Level 2.4 Staves
 + Level 1.0 Armour
 + Level 0.6 Dodging
 - Level 1.3 Stealth
   Level 1.0 Shields
   Level 1.0 Evocations


You had 3 spell levels left.
You didn't know any spells.
Your spell library was empty.

Dungeon Overview and Level Annotations

Branches:
Dungeon (2/15)

Altars:


Innate Abilities, Weirdness & Mutations

You are partially covered in sharp spines.


Message History

The adder is lightly wounded.
The adder bites you but does no damage. x2
You sock the adder!
The adder is almost dead.
The adder is struck by your spines.
You kill the adder!
You have reached level 4!
You feel clever.
You barely miss the goblin.
You feel sick. The goblin hits you but does no damage.
You closely miss the goblin. The goblin is struck by your spines.
The goblin hits you with a +0 dagger. The goblin closely misses you.
You hit the goblin.
You kill the goblin!
You feel sick.
You hit the iguana but do no damage. The iguana closely misses you.
You hit the iguana but do no damage. The iguana bites you!
* * * LOW HITPOINT WARNING * * *
You closely miss the iguana. The iguana bites you!
You die...

##..........#####
#...^...........
#.........######
#.........##
#.......)..#
#######..............
###.................###
#...######.......##...#
#.#...[@l.......## ##..
#...#######..#### ##.
##### #.(.(..# #......#
#....l.# #......#
#......# #...........#
#.#......##.#


You could see an iguana.

Vanquished Creatures
  2 adders (D:2)
  2 worms (D:2)
  2 leopard geckos
  A ball python (D:1)
  4 bats
  3 giant cockroaches (D:1)
  7 goblins
  3 hobgoblins (D:1)
  10 jackals (D:1)
  3 kobolds (D:1)
  2 frilled lizards (D:1)
  4 rats
43 creatures vanquished.

Notes
Turn   | Place    | Note
-------+----------+-------------------------------------------
     0 | D:1      | An17 the Demonspawn Wanderer began the quest for the Orb.
     0 | D:1      | An17 set off with the following items: a +2 dagger, a
                  | potion of heal wounds, a +0 quarterstaff, a potion of
                  | lignification, a +0 robe, a ration
     0 | D:1      | Reached XP level 1. HP: 18/18 MP: 1/1
   428 | D:1      | Gained mutation: You are partially covered in sharp spines.
                  | [demonic ancestry]
   428 | D:1      | Reached XP level 2. HP: 24/24 MP: 2/2
   634 | D:1      | Reached XP level 3. HP: 10/30 MP: 3/3
   653 | D:1      | HP: 1/30 [goblin/+0 club (6)]
  1424 | D:2      | Reached skill level 4 in Fighting
  1566 | D:2      | Reached XP level 4. HP: 19/37 MP: 4/4
  1572 | D:2      | Slain by an iguana

Levels and vault maps discovered:
D:1:      matt_arrival_diagonals, layout_basic
D:2:      layout_rooms, chequers_ecumenical_altar_island, st_stairs_4,
          amethyst_killhole

Skill      XL: |  1  2  3 |
---------------+----------+-----
Staves         | 2 |  2.4
Fighting       | 4 |  4.2
Axes           | |  1.0
Armour         | |  1.0
Dodging        | |  0.6
Stealth        | |  1.3
Shields        | |  1.0
Evocations     | |  1.0

Action                   |  1- 3 |  4- 6 || total
-------------------------+-------+-------++-------
Melee: Dagger            |    38 |       ||    38
       Quarterstaff      |    77 |     6 ||    83
  Use: Scroll            |     4 |       ||     4
 Stab: Sleeping          |     1 |       ||     1
  Eat: Ration            |     1 |       ||     1
Armor: Robe              |    16 |       ||    16
       Ring mail         |     5 |       ||     5
Dodge: Dodged            |    92 |     2 ||    94

Table legend:
 A = Non-vault XP
 B = Vault XP
 C = Vault XP percentage of total XP
 D = Non-vault monster count
 E = Vault monster count
 F = Vault count percentage of total count
                 A         B        C        D         E       F
            +---------+---------+-------+---------+---------+-------
      Total |      93 |      13 |  12.3 |      42 |       1 |   2.3
            +---------+---------+-------+---------+---------+-------
        D:1 |      59 |       0 |   0.0 |      32 |       0 |   0.0
        D:2 |      34 |      13 |  27.7 |      10 |       1 |   9.1
            +---------+---------+-------+---------+---------+-------
